 Dungeon Crawl Stone Soup version 0.30-a0-578-gdee14c521f (webtiles) character file.

Game seed: 14419008714480023771

442 scionoferis the Ruffian (level 6, 0/53 HPs)
             Began as a Draconian Monk on Dec 31, 2022.
             Was a Believer of Wu Jian.
             Slain by an iguana (8 damage)
             ... on level 4 of the Dungeon.
             The game lasted 00:07:30 (4042 turns).

scionoferis the Ruffian (Draconian Monk)            Turns: 4042, Time: 00:07:31

Health: 0/53       AC:  6    Str: 16    XL:     6   Next: 71%
Magic:  6/6        EV: 10    Int: 10    God:    Wu Jian [**....]
Gold:   36         SH:  0    Dex: 13    Spells: 5/5 levels left

rFire   . . .      SeeInvis .      - Unarmed
rCold   . . .      Faith    .    (no shield)
rNeg    . . .      Spirit   .    (body armour unavailable)
rPois   .          Reflect  .    (helmet restricted)
rElec   .          Harm     .    (no cloak)
rCorr   .          Rampage  .    (no gloves)
Will    .....                    (no boots)
Stlth   ++                       (no amulet)
HPRegen 0.28/turn                b - ring of flight
MPRegen 0.10/turn                (no ring)

@: flying, constricted
A: AC +6, unfitting armour, cold-blooded
a: Renounce Religion, Wall Jump


You were on level 4 of the Dungeon.
You worshipped Wu Jian.
Wu Jian was pleased with you.
You visited 2 branches of the dungeon, and saw 5 of its levels.

You collected 168 gold pieces.
You spent 132 gold pieces at shops.


Innate Abilities, Weirdness & Mutations

Your plain brown scales are hard. (AC +6)
You cannot fit into any form of body armour.
You are cold-blooded and may be slowed by cold attacks.


   Skills:
 + Level 4.5 Fighting
 + Level 3.9 Dodging
 - Level 4.0 Stealth
 * Level 5.1 Unarmed Combat


You had 5 spell levels left.
You didn't know any spells.
Your spell library was empty.

Inventory:

Missiles
 i - 2 poisoned darts
 k - 5 atropa-tipped darts (quivered)
 t - 6 boomerangs
Jewellery
 b - a ring of flight (left hand)
   (You found it on level 1 of the Dungeon)
Wands
 s - a wand of mindburst (10)
   (You found it on level 4 of the Dungeon)
 u - a wand of flame (7)
   (You found it on level 4 of the Dungeon)
Scrolls
 e - 2 scrolls of noise {unknown}
 f - 2 scrolls of identify {unknown}
 g - a scroll of brand weapon {unknown}
 j - a scroll of fear {unknown}
 m - a scroll of teleportation {unknown}
 o - 2 scrolls of poison {unknown}
 q - 2 scrolls of blinking {unknown}
Potions
 a - a potion of ambrosia
 c - a potion of flight {unknown}
 d - 2 potions of haste {unknown}
 h - 3 potions of heal wounds
 l - a potion of invisibility {unknown}
 n - 3 potions of curing
 p - a potion of degeneration {unknown}
 r - a potion of might

Dungeon Overview and Level Annotations

Branches:
Dungeon (4/15)             Temple (1/1) D:4

Altars:
Ashenzari
Dithmenos
Fedhas
Gozag
Kikubaaqudgha
Makhleb
Nemelex Xobeh
Okawaru
Sif Muna
Uskayaw
Wu Jian
Xom
Yredelemnul
Zin

Shops:
D:2

! ## ........######## #.##.##.#
.###...##.### ####.##.##.#
..##......# ###.##.##.##.#
..##......# ###..#...##.##.#
..####.#########..#...#.......#
##.###. .....#...#...#..#.##
##.(.### #.#...#†..#...#..#
##..##.# #...#...#$..#....#
######.# #S@.#...#...#..# #.#
##.## #..l#...#...#....# #.#
#P.P# #.#...#...#...#..#
#.####.#### # ..#...#...#....#
..#P#...#P## .#...#...#...#..#
#.....>....###..#...#...#....#
###P#...#P.# ###..#...#.....##
#.##.##..# ##. #.. ##.P.P.###


You could see an iguana and a ball python.


Message History

Items here: ))) [ ††.
Something hits you but does no damage.
You miss something. Something hits you.
You closely miss something. You tail-slap something.
Something hits you but does no damage.
You closely miss something. Something barely misses you.
You hit something but do no damage. Something hits you.
You miss something.
Your tail-slap misses something.
Something hits you but does no damage.
You miss something. Something hits you but does no damage.
You hit something. You punch something!
Reactivating autopickup.
You feel a bit more experienced.
Your Stealth skill increases to level 3!
Things that are here:
a +0 dagger; a +0 robe HP restored.
A ball python comes into view.
A quokka comes into view.
Found 4 stones.
Found 5 stones.
Found a blossoming altar of Fedhas.
The quokka barely misses you.
You barely miss the quokka. The quokka misses you.
You hit the quokka.
The quokka is moderately wounded.
The quokka bites you but does no damage.
You closely miss the quokka.
The quokka is moderately wounded.
The ball python hisses angrily.
The quokka bites you but does no damage.
You closely miss the quokka.
The quokka is moderately wounded.
The quokka misses you.
The ball python bites you but does no damage.
The ball python barely misses you. The quokka bites you.
You closely miss the quokka.
The quokka is moderately wounded.
The quokka completely misses you.
The ball python bites you but does no damage.
The ball python closely misses you.
You hit the quokka.
You kill the quokka!
The ball python closely misses you. The ball python grabs you.
The ball python constricts you.
You punch the ball python!
You kill the ball python!
No target in view!
No target in view!
h - 3 white potions (gained 1)
A dart slug and a rat come into view.
The rat closely misses you.
You hit the rat.
You kill the rat!
No target in view!
The dart slug launches a dart at you. The slug dart misses you.
You hit the dart slug but do no damage.
The dart slug bites you but does no damage.
You hit the dart slug.
The dart slug is moderately wounded.
You hit the dart slug.
The dart slug is moderately wounded.
The dart slug bites you.
You hit the dart slug.
The dart slug is almost dead.
The dart slug bites you.
You hit the dart slug.
You kill the dart slug!
No target in view!
Found a stone staircase leading down.
You now have 77 gold pieces (gained 16).
You now have 85 gold pieces (gained 8).
Found a stone staircase leading down.
You now have 92 gold pieces (gained 7).
There is a stone staircase leading down here.
There is an escape hatch in the floor here.
o - 2 scrolls labelled QOLUIPYKHLU You see here 9 stones.
An adder comes into view.
A ball python comes into view.
The helpless ball python fails to defend itself.
You hit the ball python.
You kill the ball python!
No target in view!
The helpless adder fails to defend itself.
You punch the adder! You punch the adder.
You kill the adder!
Your Unarmed Combat skill increases to level 4!
No target in view!
A hobgoblin comes into view.
The hobgoblin shouts!
The hobgoblin barely misses you.
You barely miss the hobgoblin.
The hobgoblin hits you but does no damage.
You punch the hobgoblin!
You kill the hobgoblin!
No target in view!
p - a bubbling dark potion You see here 9 stones.
There is a stone staircase leading down here.
You now have 102 gold pieces (gained 10).
q - 2 scrolls labelled YNAKHU OCOAHOS Done exploring.
Done exploring.
Unknown command.
Search for what [Enter for "potion", or ? for help]? potion
There is a stone staircase leading down here.
There is a stone staircase leading up here.
You fly upwards.
There is a stone staircase leading down here.
There is a stone staircase leading down here.
You see here a +0 club.
There is an entrance to Zatheulu's Distillery here.
r - a potion of might;
h - 4 potions of heal wounds (gained 1) Thank you for shopping at Zatheulu's Distillery!
There is a stone staircase leading down here.
You fly downwards.
There is a stone staircase leading up here.
There is an escape hatch in the floor here.
There is a stone staircase leading down here.
You fly downwards.
There is a stone staircase leading up here.
An orc wizard and 2 orcs come into view.
Found a stone staircase leading down.
The orc wizard shouts!
The orc shouts! x2
An orc comes into view. It is wielding a +0 club.
The orc shouts!
You closely miss the orc. You closely miss the orc.
Your tail-slap misses the orc.
Your punch misses the orc. The orc barely misses you.
You closely miss the orc. You tail-slap the orc.
The orc is heavily wounded.
The orc completely misses you.
You barely miss the orc.
The orc is heavily wounded.
The orc hits you but does no damage.
You hit the orc.
The orc is severely wounded.
The orc hits you with a +0 war axe!
The orc wizard casts a spell.
The orc wizard flickers and vanishes!
Deactivating autopickup; reactivate with Ctrl-A.
An orc comes into view. It is wielding a +0 mace.
The orc shouts!
You hear a shout!
You barely miss the orc. You tail-slap the orc.
You kill the orc!
You hit something but do no damage.
You hear some strange, mumbled words.
A puff of flame appears from out of thin air!
The puff of flame hits you.
You completely miss something.
Your tail-slap misses something.
Something hits you.
A rat comes into view.
You closely miss something. Something hits you.
You closely miss something. Something hits you but does no damage.
A rat comes into view.
You barely miss something.
Your tail-slap misses something.
Something completely misses you.
You closely miss something. Something hits you.
You hit something.
Your tail-slap misses something.
You hit something. Something hits you but does no damage.
You miss something. Something hits you but does no damage.
You punch something!
Reactivating autopickup.
You feel a bit more experienced.
You have reached level 5!
You hit the orc.
The orc is severely wounded.
The orc misses you.
You barely miss the orc.
The orc is severely wounded.
The orc barely misses you.
You punch the orc!
You kill the orc!
You hit the orc but do no damage. The orc hits you with a +0 mace.
You hit the orc but do no damage.
You tail-slap the orc, but do no damage.
The orc hits you but does no damage.
You hit the orc.
The orc is moderately wounded.
The orc closely misses you.
You hit the orc.
The orc is heavily wounded.
The orc barely misses you.
You hit the orc but do no damage.
The orc is heavily wounded.
The orc hits you with a +0 mace.
You barely miss the orc.
The orc is heavily wounded.
You punch the orc!
You kill the orc!
You closely miss the orc. You tail-slap the orc.
The orc is moderately wounded.
The orc closely misses you.
You punch the orc!
You kill the orc!
You hit the rat.
The rat is heavily wounded.
The rat barely misses you.
You barely miss the rat.
The rat is heavily wounded.
The rat closely misses you.
You closely miss the rat.
Your tail-slap misses the rat.
The rat is heavily wounded.
The rat barely misses you.
You hit the rat.
You kill the rat!
A rat comes into view.
Items here: ))))) [[ †††.
A rat comes into view.
There is a stone staircase leading up here.
You fly upwards.
There is a stone staircase leading down here.
You start resting.
HP restored.
You fly downwards.
There is a stone staircase leading up here.
Items here: ))))) [[ †††.
You closely miss the rat.
Your tail-slap misses the rat.
The rat closely misses you.
You hit the rat.
You kill the rat!
No target in view!
No target in view!
A rat comes into view.
The rat moves out of view.
A rat comes into view.
A rat and an iguana come into view.
Found a glowing silver altar of Zin.
A rat comes into view.
You closely miss the rat. The rat completely misses you.
You closely miss the rat. You tail-slap the rat.
You kill the rat!
No target in view!
A rat comes into view.
A rat comes into view.
The rat twitches its whiskers.
The rat closely misses you.
You punch the rat!
You kill the rat!
The rat attacks as you move away! The rat closely misses you.
Items here: ))))) [[ †††.
You hit the rat.
You kill the rat!
The rat twitches its whiskers.
You hit the rat.
You kill the rat!
A hobgoblin comes into view.
The hobgoblin shouts!
You hear an angry hiss.
Things that are here:
a rat corpse; a rat corpse You closely miss the hobgoblin.
The hobgoblin hits you but does no damage.
You barely miss the hobgoblin.
The hobgoblin hits you but does no damage.
You barely miss the hobgoblin. You tail-slap the hobgoblin.
The hobgoblin is lightly wounded.
The hobgoblin closely misses you.
You barely miss the hobgoblin.
The hobgoblin is lightly wounded.
The hobgoblin completely misses you.
You barely miss the hobgoblin.
The hobgoblin is lightly wounded.
The hobgoblin hits you.
You hit the hobgoblin.
The hobgoblin is moderately wounded.
The hobgoblin misses you.
You hit the hobgoblin.
The hobgoblin is heavily wounded.
The hobgoblin misses you.
You hit the hobgoblin.
You kill the hobgoblin!
You see here a hobgoblin corpse.
HP restored.
Things that are here:
a rat corpse; a rat corpse
Items here: ))))) [[ †††.
A rat is nearby!
No target in view!
No target in view! 2 rats come into view.
You barely miss the iguana. The iguana closely misses you.
You barely miss the iguana. The iguana closely misses you.
You hit the iguana but do no damage. The iguana barely misses you.
You hit the iguana.
The iguana is lightly wounded.
The iguana barely misses you.
You closely miss the iguana. You tail-slap the iguana.
The iguana is moderately wounded.
The iguana closely misses you.
You punch the iguana!
The iguana is severely wounded.
The iguana closely misses you.
You barely miss the iguana.
The iguana is severely wounded.
The iguana bites you.
You hit the iguana but do no damage.
The iguana is severely wounded.
The iguana barely misses you.
You closely miss the iguana.
The iguana is severely wounded.
The iguana closely misses you.
You punch the iguana!
You kill the iguana!
Your Fighting skill increases to level 4!
You hit the rat.
You kill the rat!
You closely miss the rat. The rat bites you but does no damage.
You hit the rat.
The rat is severely wounded.
You barely miss the rat.
The rat is severely wounded.
The rat closely misses you.
You hit the rat but do no damage.
Your tail-slap misses the rat.
The rat is severely wounded.
The rat barely misses you.
You punch the rat!
You kill the rat!
You see here an iguana corpse.
You closely miss the rat. The rat barely misses you.
You closely miss the rat. The rat bites you but does no damage.
You hit the rat.
You kill the rat!
You see here a rat corpse.
You see here an iguana corpse.
Found a stone staircase leading down. 2 rats come into view. 3 rats come into view.
A rat and a quokka come into view.
The rat closely misses you. The rat barely misses you.
The rat attacks as you move away! The rat bites you but does no damage.
The rat attacks as you move away! The rat bites you but does no damage.
You completely miss the rat. The rat barely misses you.
You barely miss the rat. The rat misses you.
You hit the rat.
The rat is severely wounded.
The rat closely misses you.
You hit the rat.
You kill the rat!
You hit the rat.
The rat is heavily wounded.
You barely miss the rat.
The rat is heavily wounded.
The rat bites you but does no damage.
You hit the rat but do no damage.
The rat is heavily wounded.
The rat closely misses you.
The rat twitches its whiskers.
You hit the rat but do no damage. You tail-slap the rat.
You kill the rat!
You hit the rat.
You kill the rat!
You closely miss the rat. The rat bites you but does no damage.
You closely miss the rat. The rat bites you but does no damage.
You closely miss the rat. The rat bites you but does no damage.
You barely miss the rat. The rat barely misses you.
You hit the rat.
You kill the rat!
A rat comes into view.
An orc wizard comes into view. It is wielding a +0 dagger.
The orc wizard shouts!
You hit the rat but do no damage.
You hear a shout!
The rat bites you but does no damage.
You hit the rat but do no damage. The rat barely misses you.
You hit the rat.
You kill the rat!
An orc comes into view. It is wielding a +0 hand axe.
You swing at nothing.
The rat bites you but does no damage.
The orc wizard points at you and mumbles some strange words.
The magic dart hits you! The rat bites you but does no damage.
You punch the rat!
You kill the rat!
The orc wizard casts a spell at you.
You are confused.
You bump into the rock wall.
The orc wizard hits you with a +0 dagger.
You barely miss the orc wizard.
The orc wizard hits you with a +0 dagger.
You bump into the rock wall.
The orc wizard hits you but does no damage.
You barely miss the orc wizard. You punch the orc wizard.
The orc wizard is lightly wounded.
The orc wizard hits you with a +0 dagger.
You hit the orc wizard.
Your tail-slap misses the orc wizard.
The orc wizard is heavily wounded.
You feel less confused.
The orc wizard hits you with a +0 dagger.
You hit the orc wizard but do no damage.
Your tail-slap misses the orc wizard.
Your punch misses the orc wizard.
The orc wizard is heavily wounded.
The orc wizard barely misses you.
You hit the orc wizard.
The orc wizard is almost dead.
The orc wizard points at you and mumbles some strange words.
The magic dart hits you but does no damage.
You hit the orc wizard.
You kill the orc wizard!
You hit the orc.
The orc is almost dead.
The orc closely misses you.
You hit the orc.
You kill the orc!
Items here: )) [[ ††.
An orc comes into view. It is wielding a +0 club.
You see here a rat corpse.
The orc shouts!
You hit the orc. You tail-slap the orc.
The orc is moderately wounded.
You hear a shout!
The orc hits you but does no damage.
You hit the orc but do no damage. You punch the orc, but do no damage.
The orc is moderately wounded.
The orc hits you with a +0 club.
You hit the orc but do no damage.
The orc is moderately wounded.
You hit the orc.
You kill the orc!
Items here: ( ) [ †.
A goblin comes into view. It is wielding a +0 club.
You see here a rat corpse.
Items here: )) [[ ††.
A goblin is nearby!
You hit the goblin.
The goblin is heavily wounded.
The goblin hits you but does no damage.
You hit the goblin but do no damage.
The goblin is heavily wounded.
The goblin misses you.
You hit the goblin.
You kill the goblin!
No target in view!
Things that are here:
a +0 club; a goblin corpse
Found an escape hatch in the floor.
Found a stone staircase leading up.
n - 2 potions of curing (gained 1)
A goblin comes into view. It is wielding a +0 club.
Found a scroll labelled HATHRA RUTEOJ.
The goblin shouts!
You closely miss the goblin. The goblin hits you but does no damage.
You closely miss the goblin. The goblin hits you with a +0 club.
You hit the goblin. You tail-slap the goblin.
You kill the goblin!
No target in view!
s - a wand of mindburst (10)
You see here a +0 club.
e - 2 scrolls labelled HATHRA RUTEOJ (gained 1)
You now have 18 gold pieces (gained 15).
An endoplasm comes into view.
An endoplasm is nearby!
The endoplasm quivers.
You hit the endoplasm.
The endoplasm is almost dead.
The endoplasm freezes you.
You are frozen.
You feel yourself slow down.
You hit the endoplasm.
You kill the endoplasm!
No target in view!
You feel yourself speed up.
An orc wizard comes into view. It is wielding a +0 dagger.
The orc wizard shouts!
You hear a shout! x2
The orc wizard points at you and mumbles some strange words.
You are confused.
An orc comes into view. It is wielding a +0 whip.
You are too confused!
You are too confused!
You bump into the rock wall.
An orc wizard comes into view. It is wielding a +0 dagger.
The orc wizard gestures at you while chanting.
The puff of flame misses you.
The orc wizard casts a spell.
The orc wizard flickers and vanishes!
Deactivating autopickup; reactivate with Ctrl-A.
The orc attacks as you move away! The orc barely misses you.
The orc wizard gestures at you while chanting.
The magic dart hits you.
You bump into the rock wall.
You feel less confused.
You hit the orc.
The orc is heavily wounded.
The orc wizard casts a spell at you. The puff of flame hits you!
The orc misses you. The orc attacks as you move away!
The orc hits you but does no damage.
You completely miss the orc.
You tail-slap the orc, but do no damage.
The orc is heavily wounded.
You closely miss the orc.
Your tail-slap misses the orc.
The orc is heavily wounded.
The orc hits you with a +0 whip. Something hits you but does no damage.
The orc wizard gestures wildly while chanting.
The orc wizard flickers and vanishes!
Throw: 2 darts (poison)
Press: ? - help, Q - select action, (/) - cycle Shift-Dir - straight line, f - orc
Aim: an orc, wielding a +0 whip (heavily wounded, 59% to hit)
You throw a poisoned dart. The poisoned dart hits the orc.
The orc is poisoned.
The orc is heavily wounded.
You closely miss the orc.
The orc is almost dead.
The orc barely misses you.
You hit the orc.
You kill the orc!
You hit something. You tail-slap something. Something barely misses you.
You hear some strange, mumbled words.
You closely miss something. Something hits you.
You miss something. Something hits you.
You hit something. You tail-slap something. You hit something.
You punch something.
A magic dart appears from out of thin air!
The magic dart hits something.
Something hits you but does no damage.
You completely miss something. You tail-slap something.
Reactivating autopickup.
You feel a bit more experienced.
Deactivating autopickup; reactivate with Ctrl-A.
You miss something.
You hear some strange, mumbled words.
A puff of flame appears from out of thin air!
The puff of flame hits you!
You barely miss something. You tail-slap something.
Something hits you but does no damage.
You closely miss something. Something hits you but does no damage.
You hit something. Something hits you but does no damage.
You closely miss something.
You hear some strange, mumbled words.
You are confused.
You hit something but do no damage. Something hits you.
You closely miss something. Your punch misses something.
Something hits you but does no damage. Something hits you but does no damage.
You bump into the rock wall.
Something hits you.
You're too confused to move!
Something hits you but does no damage. Something hits you but does no damage.
You feel less confused.
An orc wizard appears from thin air!
Reactivating autopickup.
You barely miss the orc wizard.
The orc wizard is moderately wounded.
You hit the orc wizard but do no damage.
The orc wizard is moderately wounded.
The orc wizard hits you but does no damage.
You hit the orc wizard. You tail-slap the orc wizard.
The orc wizard is severely wounded.
The orc wizard hits you but does no damage.
You hit the orc wizard.
The orc wizard is almost dead.
The orc wizard mumbles some strange words.
The orc wizard flickers and vanishes!
Deactivating autopickup; reactivate with Ctrl-A.
You miss something.
Your tail-slap misses something.
You hear some strange, mumbled words.
A puff of flame appears from out of thin air!
The puff of flame hits you!
* * * LOW HITPOINT WARNING * * *
You miss something.
You hear some strange, mumbled words.
A magic dart appears from out of thin air!
The magic dart hits you but does no damage.
You closely miss something.
Your tail-slap misses something.
Something hits you.
* * * LOW HITPOINT WARNING * * *
You hit something.
Reactivating autopickup.
You feel a bit more experienced.
You have reached level 6!
Your scales feel tougher.
You start resting.
HP restored.
Things that are here:
a +0 dagger; a +0 robe; an orc corpse
Items here: )) [ ††.
i - 2 poisoned darts (gained 1)
Found a robe.
Found 6 boomerangs.
You see here 6 boomerangs.
A giant cockroach comes into view.
Search for what [Enter for "potion", or ? for help]? bom Can't find anything matching that.
Search for what [Enter for "bom", or ? for help]? boom You see here 6 boomerangs.
t - 6 boomerangs You hit the giant cockroach.
You kill the giant cockroach!
No target in view!
Found a staircase to the Ecumenical Temple.
Found a sling.
Found an escape hatch in the ceiling.
Found a stone staircase leading down.
There is a staircase to the Ecumenical Temple here.
You fly downwards.
Welcome to the Ecumenical Temple!
Found a shimmering blue altar of Sif Muna and an opulent altar of Gozag.
There is a staircase back to the Dungeon here.
Found a basalt altar of Yredelemnul.
Found an iron altar of Okawaru.
Found an ancient bone altar of Kikubaaqudgha.
Found a hide-covered altar of Uskayaw.
Found a shadowy altar of Dithmenos.
Found a broken altar of Ashenzari.
There is a broken altar of Ashenzari here.
Found an ornate altar of the Wu Jian Council.
Found a sparkling altar of Nemelex Xobeh.
Done exploring.
Done exploring.
Done exploring.
Unknown command.
Search for what [Enter for "boom", or ? for help]? wu ji
There is an ornate altar of the Wu Jian Council here.
You hover solemnly before the altar of Wu Jian.
The Council welcomes you!
You can now lightly attack monsters by moving around them.
You can now perform airborne attacks.
You can now perform damaging attacks by moving towards foes.
Unknown command.
Press < or > to pray at altars.
There is a sparkling altar of Nemelex Xobeh here.
There is a staircase back to the Dungeon here.
You fly upwards.
Welcome back to the Dungeon!
There is a staircase to the Ecumenical Temple here.
There is an escape hatch in the ceiling here.
There is a stone staircase leading down here.
You see here a +0 sling.
Blork the orc comes into view.
He is wielding a +0 hand axe.
Unknown command.
Press: ? - help, . - travel You can't see that place. [the floor.] Blork the orc shouts!
Blork the orc casts a cantrip, but nothing happens.
Throw: 5 darts (atropa)
Press: ? - help, Q - select action, (/) - cycle Shift-Dir - straight line, f - Blork the orc
Aim: Blork the orc, wielding a +0 hand axe and wearing a +0 robe (63% to hit, chance to blind on hit: 83%)
You throw an atropa-tipped dart.
The atropa-tipped dart hits Blork the orc.
Blork the orc resists.
Throw: 4 darts (atropa)
Press: ? - help, Q - select action, (/) - cycle Shift-Dir - straight line, f/p - Blork the orc
Aim: Blork the orc, wielding a +0 hand axe and wearing a +0 robe (63% to hit, chance to blind on hit: 83%)
You throw an atropa-tipped dart.
The atropa-tipped dart hits Blork the orc.
Blork the orc appears confused.
Blork the orc closely misses you.
You hit Blork the orc.
Blork the orc is lightly wounded.
Blork the orc seems less confused.
Blork the orc misses you.
You closely miss Blork the orc.
Your tail-slap misses Blork the orc.
Blork the orc is lightly wounded.
Blork the orc closely misses you.
You hit Blork the orc.
Blork the orc is moderately wounded.
Blork the orc hits you with a +0 hand axe.
You closely miss Blork the orc.
Blork the orc is moderately wounded.
Blork the orc is no longer blind.
Blork the orc points at you and mumbles some strange words.
The puff of flame hits you.
You hit Blork the orc.
Blork the orc is moderately wounded.
Blork the orc screams, "Die!"
Blork the orc points at you and mumbles some strange words.
The puff of flame hits you!
Throw: 3 darts (atropa)
Press: ? - help, Q - select action, (/) - cycle Shift-Dir - straight line, f/p - Blork the orc
Aim: Blork the orc, wielding a +0 hand axe and wearing a +0 robe (moderately wounded, 63% to hit, chance to blind on hit: 83%)
You throw an atropa-tipped dart.
The atropa-tipped dart hits Blork the orc.
Blork the orc appears confused.
Blork the orc is moderately wounded.
You spin and attack Blork the orc.
You hit Blork the orc.
You tail-slap Blork the orc, but do no damage.
Blork the orc is moderately wounded.
Blork the orc seems less confused.
Blork the orc hits you but does no damage.
You see here 2 atropa-tipped darts.
You punch Blork the orc!
Blork the orc is severely wounded.
You spin and attack Blork the orc.
You hit Blork the orc.
Blork the orc is severely wounded.
Blork the orc hits you with a +0 hand axe.
You hit Blork the orc but do no damage.
Your tail-slap misses Blork the orc.
Blork the orc is severely wounded.
Blork the orc is no longer blind.
Blork the orc hits you with a +0 hand axe.
You hit Blork the orc.
Blork the orc is severely wounded.
Blork the orc misses you.
Throw: 2 darts (atropa)
Press: ? - help, Q - select action, (/) - cycle Shift-Dir - straight line, f/p - Blork the orc
Aim: Blork the orc, wielding a +0 hand axe and wearing a +0 robe (severely wounded, 63% to hit, chance to blind on hit: 83%)
You throw an atropa-tipped dart.
The atropa-tipped dart hits Blork the orc.
Blork the orc appears confused.
Blork the orc is severely wounded.
You hit Blork the orc.
Blork the orc is almost dead.
Blork the orc seems less confused.
You lunge at Blork the orc.
You barely miss Blork the orc.
Blork the orc is almost dead.
Blork the orc hits you but does no damage.
You see here 2 atropa-tipped darts.
You barely miss Blork the orc.
Blork the orc is almost dead.
Blork the orc closely misses you.
You hit Blork the orc.
Blork the orc is almost dead.
Blork the orc is no longer blind.
Blork the orc barely misses you.
You closely miss Blork the orc. You punch Blork the orc.
You kill Blork the orc!
The Council accepts your kill.
Training target 4.0 for Stealth reached!
Your Stealth skill increases to level 4!
Unknown command.
k - 2 atropa-tipped darts (gained 1)
Things that are here:
a +0 hand axe; a +0 robe; the orc corpse of Blork the orc
k - 4 atropa-tipped darts (gained 2)
k - 5 atropa-tipped darts (gained 1) HP restored.
Found a stone staircase leading up.
There is a stone staircase leading up here.
A rat is nearby!
The rat misses you.
You hit the rat.
You kill the rat!
The Council accepts your kill.
No target in view!
You see here a rat corpse.
Found 6 stones.
You lunge at the rat.
You closely miss the rat. The quokka misses you. The rat misses you.
The quokka barely misses you.
You hit the rat.
You kill the rat!
The Council accepts your kill. The quokka misses you.
You hit the quokka but do no damage. Your punch misses the quokka.
The quokka barely misses you.
You hit the quokka.
The quokka is heavily wounded.
The quokka barely misses you.
You barely miss the quokka.
The quokka is heavily wounded.
The quokka completely misses you.
You closely miss the quokka. You punch the quokka.
You kill the quokka!
The Council accepts your kill.
No target in view!
An orc comes into view.
It is wielding a +0 hand axe. 2 orcs come into view.
Found 18 gold pieces.
You lunge at the orc, in a flurry of attacks.
The helpless orc fails to defend itself.
You punch the orc!
You kill the orc!
The Council accepts your kill.
The orc shouts!
An orc comes into view. It is wielding a +0 flail.
You lunge at the orc.
The orc shouts!
You punch the orc!
You kill the orc!
The Council accepts your kill.
You closely miss the orc. The orc barely misses you.
You punch the orc!
You kill the orc!
The Council accepts your kill. The orc closely misses you.
You hit the orc but do no damage. The orc closely misses you.
You punch the orc!
You kill the orc!
The Council accepts your kill.
No target in view!
Things that are here:
a +0 flail; an orc corpse
Things that are here:
a +0 mace; a +0 mace; a +0 leather armour You now have 36 gold pieces (gained 18).
An orc comes into view. It is wielding a +0 hand axe.
Found a bubbling cyan potion.
Found a shimmering altar of Xom. 2 orcs come into view.
Found a gold wand.
The orc shouts! x2
You closely miss the orc.
Your tail-slap misses the orc.
The orc barely misses you.
You barely miss the orc. You punch the orc.
The orc is heavily wounded.
You barely miss the orc.
The orc is heavily wounded.
The orc closely misses you.
An ice beast comes into view.
You punch the orc!
You kill the orc!
The Council accepts your kill.
You lunge at the orc.
You punch the orc!
You kill the orc!
The Council accepts your kill. The orc misses you.
Things that are here:
a +0 hand axe; a +0 leather armour You spin and attack the ice beast.
You hit the ice beast but do no damage.
You punch the ice beast, but do no damage.
The ice beast hits you but does no damage.
The orc attacks as you move away! The orc hits you with a +0 whip.
The orc attacks as you move away! The orc barely misses you.
Okay, then.
Unknown command.
Press: ? - help, v - describe, . - travel
Here: an ice beast The floor.
Okay, then.
Unknown command.
You hit the orc.
The orc is severely wounded.
The orc hits you but does no damage. The orc attacks as you move away!
The orc hits you but does no damage.
Found a potion of curing.
You closely miss the orc.
Your tail-slap misses the orc.
The orc is severely wounded.
The orc hits you but does no damage.
You hit the orc.
You kill the orc!
The Council accepts your kill.
Aiming: Wall Jump
Press: ? - help, Dir - move target You repeatedly attack the ice beast from above.
You barely miss the ice beast.
You tail-slap the ice beast, but do no damage.
You closely miss the ice beast.
You tail-slap the ice beast, but do no damage.
The ice beast hits you but does no damage. x2
Unknown command.
You hit the ice beast.
The ice beast is lightly wounded.
The ice beast closely misses you.
You hit the ice beast but do no damage.
The ice beast is lightly wounded.
The ice beast barely misses you.
You hit the ice beast.
You tail-slap the ice beast, but do no damage.
The ice beast is moderately wounded.
The ice beast hits you. The ice beast freezes you!
You hit the ice beast.
The ice beast is moderately wounded.
The ice beast hits you. The ice beast freezes you.
You feel yourself slow down.
You closely miss the ice beast.
The ice beast is moderately wounded.
The ice beast hits you but does no damage.
Okay, then.
Unknown command.
You hit the ice beast but do no damage.
Your tail-slap misses the ice beast.
The ice beast is moderately wounded.
You feel yourself speed up. The ice beast misses you.
You hit the ice beast but do no damage.
The ice beast is moderately wounded.
The ice beast hits you but does no damage.
You hit the ice beast.
The ice beast is heavily wounded.
The ice beast hits you. The ice beast freezes you!
You barely miss the ice beast.
The ice beast is heavily wounded.
The ice beast barely misses you.
You barely miss the ice beast.
The ice beast is heavily wounded.
The ice beast closely misses you.
You hit the ice beast but do no damage.
The ice beast is heavily wounded.
An endoplasm comes into view.
The ice beast barely misses you.
You closely miss the ice beast.
The ice beast is heavily wounded.
The ice beast closely misses you.
The endoplasm quivers.
You hit the ice beast.
Your tail-slap misses the ice beast.
The ice beast is severely wounded.
The ice beast hits you but does no damage.
You hit the ice beast but do no damage.
The ice beast is severely wounded.
The ice beast misses you.
You hit the ice beast. You tail-slap the ice beast.
The ice beast is almost dead.
The ice beast misses you.
You completely miss the ice beast.
Your tail-slap misses the ice beast.
The ice beast is almost dead.
The ice beast hits you. The ice beast freezes you!
* * * LOW HITPOINT WARNING * * *
You feel much better. The ice beast closely misses you.
The endoplasm freezes you.
You are frozen.
You feel yourself slow down.
You hit the ice beast but do no damage.
The ice beast is almost dead.
You feel yourself speed up.
The ice beast hits you but does no damage.
The endoplasm freezes you.
You are frozen.
You closely miss the ice beast.
The ice beast is almost dead.
The ice beast closely misses you. The endoplasm hits you.
You hit the ice beast.
The ice beast is almost dead.
The ice beast closely misses you. The endoplasm closely misses you.
You hit the ice beast.
You kill the ice beast!
The Council accepts your kill. The endoplasm misses you.
Your Unarmed Combat skill increases to level 5!
You spin and attack the endoplasm.
You hit the endoplasm but do no damage. You punch the endoplasm.
The endoplasm is moderately wounded.
The endoplasm misses you.
You hit the endoplasm.
You kill the endoplasm!
The Council accepts your kill.
You start resting.
HP restored.
n - 3 potions of curing (gained 1)
d - 2 bubbling cyan potions (gained 1)
u - a wand of flame (7)
There is a shimmering altar of Xom here.
You see here a +0 mace.
Things that are here:
a +0 hand axe; a +0 leather armour
f - 2 scrolls labelled YKESCHYEMUM (gained 1)
Things that are here:
a +0 whip; an orc corpse A rat is nearby!
You see here 9 gold pieces.
An iguana and a ball python come into view.
You barely miss the rat. You hit the rat but do no damage. The rat bites you.
You hit the rat.
You kill the rat!
The Council accepts your kill. The ball python bites you.
The ball python barely misses you.
You hit the iguana. You tail-slap the iguana.
The iguana is heavily wounded.
The iguana barely misses you.
The ball python bites you but does no damage.
The ball python completely misses you.
You hit the iguana.
The iguana is heavily wounded.
The iguana bites you but does no damage.
The ball python closely misses you. The ball python barely misses you.
You hit the iguana but do no damage.
The iguana is heavily wounded.
The iguana bites you!
The ball python bites you but does no damage.
The ball python closely misses you.
You barely miss the iguana.
The iguana is heavily wounded.
The iguana closely misses you. The ball python closely misses you. x2
You hit the iguana.
The iguana is severely wounded.
The ball python bites you. The ball python grabs you.
The ball python constricts you. The iguana bites you.
You hit the ball python but do no damage.
Your punch misses the ball python.
The ball python bites you but does no damage.
The ball python constricts you. The iguana bites you!
You are too injured to fight recklessly!
You are too injured to fight recklessly!
You are too injured to fight recklessly!
You are too injured to fight recklessly!
You hit the iguana.
The iguana is almost dead.
The ball python closely misses you. The ball python constricts you.
The iguana bites you!
You hit the iguana.
The iguana is almost dead.
The ball python completely misses you. The ball python constricts you.
You closely miss the iguana.
Your tail-slap misses the iguana.
The iguana is almost dead.
The iguana closely misses you.
The ball python bites you but does no damage.
The ball python constricts you.
You barely miss the iguana.
The iguana is almost dead.
The ball python bites you but does no damage.
The ball python constricts you.
The iguana bites you but does no damage.
You hit the iguana.
The iguana is almost dead.
The ball python bites you but does no damage.
The ball python constricts you. The iguana barely misses you.
You closely miss the iguana.
Your tail-slap misses the iguana.
The iguana is almost dead.
The ball python closely misses you. The ball python constricts you.
The iguana barely misses you. The ball python misses you.
The ball python constricts you.
You hit the iguana but do no damage.
The iguana is almost dead.
The iguana bites you!
* * * LOW HITPOINT WARNING * * *
The ball python bites you.
* * * LOW HITPOINT WARNING * * *
The ball python constricts you.
You barely miss the iguana.
The iguana is almost dead.
The iguana bites you!
You die...

Skill      XL: |  1  2  3  4  5  6 |
---------------+-------------------+-----
Stealth        | 2 3 4 |  4.0
Dodging        | 3 |  3.9
Unarmed Combat | 4 5 |  5.1
Fighting       | 4 |  4.5

Action                   |  1- 3 |  4- 6 || total
-------------------------+-------+-------++-------
Melee: Unarmed           |    96 |   258 ||   354
       Tailslap          |    13 |    24 ||    37
       Punch             |     2 |    11 ||    13
Throw: Dart              |     3 |     5 ||     8
Invok: Lunge             |       |     5 ||     5
       Whirlwind         |       |     4 ||     4
 Abil: Wall Jump         |       |     1 ||     1
  Use: Potion            |       |     1 ||     1
 Stab: Sleeping          |     6 |     5 ||    11
Armor: Skin              |    25 |    74 ||    99
Dodge: Dodged            |    48 |   119 ||   167

Levels and vault maps discovered:
D:1:      minmay_arrival_semitransparent, layout_basic,
          nicolae_ecumenical_lake_church
D:2:      layout_loops_ring, serial_shops, nicolae_shop_advertising_works
          [nicolae_subvault_shop_adworks]
D:3:      layout_loops_cross, mainiacjoe_overflow_alcove_1,
          mainiacjoe_overflow_boulevard
D:4:      layout_loops_cross, mainiacjoe_overflow_cross_hatched,
          old_standard_altar, minmay_temple_entry_gardened_gates,
          minmay_misc_feat_more_columns, hex_medium, minmay_rat_hole,
          uniq_blork_the_orc
Temple:   chequers_temple_sunken

Notes
Turn   | Place    | Note
-------+----------+-------------------------------------------
     0 | D:1      | scionoferis the Draconian Monk began the quest for the Orb.
     0 | D:1      | Reached XP level 1. HP: 19/19 MP: 1/1
    11 | D:1      | You are sucked into a shaft and drop 1 floor!
   122 | D:1      | Reached skill level 2 in Stealth
   240 | D:1      | Reached XP level 2. HP: 26/26 MP: 2/2
   442 | D:1      | Found a faded altar of an unknown god.
   987 | D:2      | Found Zatheulu's Distillery.
  1050 | D:2      | Reached XP level 3. HP: 7/31 MP: 3/3
  1054 | D:2      | Reached skill level 3 in Dodging
  1390 | D:2      | Identified the +9 mace "Ogreslayer" {heavy, Int+6}
  1671 | D:3      | Reached XP level 4. HP: 37/39 MP: 4/4
  1757 | D:2      | Bought a potion of curing for 33 gold pieces
  1934 | D:3      | Found a burning altar of Makhleb.
  1979 | D:3      | Reached skill level 3 in Stealth
  2056 | D:3      | Found a blossoming altar of Fedhas.
  2325 | D:3      | Reached skill level 4 in Unarmed Combat
  2578 | D:2      | Bought a potion of might for 44 gold pieces
  2578 | D:2      | Bought a potion of heal wounds for 55 gold pieces
  2676 | D:4      | Reached XP level 5. HP: 30/46 MP: 5/5
  2793 | D:4      | Found a glowing silver altar of Zin.
  2867 | D:4      | Reached skill level 4 in Fighting
  3140 | D:4      | Reached XP level 6. HP: 11/52 MP: 6/6
  3417 | D:4      | Found a staircase to the Ecumenical Temple.
  3444 | Temple   | Entered the Ecumenical Temple
  3636 | Temple   | Became a worshipper of the Wu Jian Council
  3636 | Temple   | Reached * piety under Wu Jian
  3636 | Temple   | Reached ** piety under Wu Jian
  3667 | D:4      | Noticed Blork the orc
  3690 | D:4      | Killed Blork the orc
  3691 | D:4      | Reached skill level 4 in Stealth
  3860 | D:4      | Found a shimmering altar of Xom.
  3865 | D:4      | Noticed an ice beast
  3898 | D:4      | Killed an ice beast
  3899 | D:4      | Reached skill level 5 in Unarmed Combat
  4042 | D:4      | Slain by an iguana

Vanquished Creatures
  An ice beast (D:4)
  Blork the orc (D:4)
  An iguana (D:4)
  5 orc wizards (D:3 D:4)
  3 gnolls (D:2)
  2 adders (D:2 D:3)
  2 dart slugs (D:1 D:3)
  17 orcs (D:3 D:4)
  4 endoplasms (D:1 D:2 D:4)
  3 giant cockroaches (D:2 D:3 D:4)
  6 goblins (D:2 D:1 D:4)
  5 hobgoblins (D:1 D:2 D:3 D:4)
  5 quokkas (D:1 D:3 D:4)
  9 ball pythons (D:1 D:2 D:3)
  4 bats (D:2)
  A kobold (D:2)
  21 rats (D:2 D:3 D:4)
90 creatures vanquished.

Table legend: (Time is in decaauts)
 A = Elapsed time spent in this place.
 B = Non-inter-level travel time spent in this place.
 C = Inter-level travel time spent in this place.
 D = Time resting spent in this place.
 E = Time spent auto-exploring this place.
 F = Levels seen in this place.
 G = Mean time per level.
                   A        B        C        D        E       F      G
               +--------+--------+--------+--------+--------+-----+--------+
         Total |   4022 |   3657 |    365 |    409 |   2470 |   5 |  804.4 |
       Dungeon |   3815 |   3487 |    328 |    409 |   2311 |   4 |  953.8 |
        Temple |    206 |    169 |     37 |      0 |    159 |   1 |  206.0 |
               +--------+--------+--------+--------+--------+-----+--------+

Top non-repeatable levels by time:
     D:4: 1091 daAuts
     D:2: 1003 daAuts
     D:3: 888 daAuts
     D:1: 832 daAuts
  Temple: 206 daAuts

Table legend:
 A = Non-vault XP
 B = Vault XP
 C = Vault XP percentage of total XP
 D = Non-vault monster count
 E = Vault monster count
 F = Vault count percentage of total count
                 A         B        C        D         E       F
            +---------+---------+-------+---------+---------+-------
      Total |     525 |     107 |  16.9 |      70 |      20 |  22.2
            +---------+---------+-------+---------+---------+-------
        D:1 |      17 |       0 |   0.0 |       9 |       0 |   0.0
        D:2 |      78 |       0 |   0.0 |      19 |       0 |   0.0
        D:3 |      79 |       0 |   0.0 |      16 |       0 |   0.0
        D:4 |     351 |     107 |  23.4 |      26 |      20 |  43.5
            +---------+---------+-------+---------+---------+-------
